Map: 해비테이션 스테이션 - 래더 (공허의 유산)

Players

INnoVation - Winner!

  • Race: Terran Terran
  • League: Master
  • Spawn Location: 1:00

aLive

  • Race: Terran Terran
  • League: Master
  • Spawn Location: 11:00

VOD

Have the link to the VOD?

Description

Time

  • Played on: Nov. 26, 2016, 4:33 a.m.
  • Length: 7:56
Show
View Real Time Build Order
Export as new Build Order

INnoVation Terran - Winner!

Build Orders: 1/1/1, Banshee Rush 

Get SALT Encoding   

  12  0:00  SCV  
  13  0:12  SCV  
  14  0:16  Supply Depot  
  14  0:24  SCV  
  15  0:29  Refinery  
  15  0:38  SCV  
  16  0:44  Barracks  
  16  0:50  SCV  
  16  0:54  Refinery  
  17  1:02  SCV  
  18  1:14  SCV  
  19  1:30  Orbital Command  
  19  1:31  Reaper  
  20  1:33  Factory  
  20  1:43  Supply Depot  
  20  1:55  SCV  
  21  2:03  Marine  
  21  2:07  SCV  
  23  2:17  Starport, Factory Tech Lab  
  23  2:20  Marine, SCV  
  25  2:27  Supply Depot  
  25  2:32  SCV  
  26  2:38  Marine  
  26  2:44  SCV  
  28  2:46  Widow Mine  
  30  2:56  Supply Depot, SCV  
  30  2:58  Cloaking Field, Marine  
  32  3:00  Banshee  
  35  3:08  SCV  
  36  3:17  Factory Reactor  
  36  3:18  Marine  
  37  3:23  SCV  
  36  3:35  Marine, SCV  
  36  3:39  Command Center  
  38  3:43  Banshee  
  41  3:50  SCV  
  42  4:02  SCV  
  42  4:03  Factory Tech Lab  
  42  4:06  Supply Depot  
  42  4:16  Marine x2  
  41  4:18  SCV  
  42  4:26  Raven  
  42  4:30  SCV  
  45  4:37  Command Center  
  45  4:44  Siege Tank  
  48  4:46  SCV  
  49  4:53  Orbital Command  
  49  5:00  SCV  
  49  5:12  SCV  
  50  5:15  Viking x2  
  50  5:18  Siege Tank  
  50  5:20  Stimpack  
  57  5:21  SCV  
  57  5:24  SCV  
  57  5:27  Refinery  
  59  5:30  Refinery  
  59  5:31  Marine  
  59  5:34  SCV  
  61  5:36  SCV  
  62  5:47  SCV  
  62  5:48  SCV  
  62  5:49  Marine  
  64  5:50  Viking  
  64  5:51  Viking  
  65  5:59  Orbital Command, SCV  
  65  6:00  SCV  
  65  6:03  Siege Tank  
  69  6:11  Marine, SCV  
  70  6:12  SCV  
  70  6:15  Supply Depot  
  72  6:22  Barracks  
  72  6:23  Barracks, SCV  
  72  6:24  SCV  
  74  6:29  Marine  
  72  6:34  Engineering Bay  
  72  6:35  Engineering Bay  
  72  6:36  Siege Tank  
  75  6:43  Orbital Command  
  75  6:44  Viking x2  
  75  6:47  SCV x2  
  75  6:52  Marine  
  76  7:00  SCV  
  76  7:01  SCV  
  75  7:11  Barracks Reactor  
  75  7:12  Barracks Reactor  
  75  7:13  Marine  
  75  7:14  Viking x2  
  75  7:15  Siege Tank, SCV  
  69  7:16  SCV x2  
  69  7:18  Barracks  
  71  7:25  Barracks  
  71  7:27  Orbital Command  
  71  7:33  Marine  
  71  7:34  SCV x2  
Show
View Real Time Build Order
Export as new Build Order

aLive Terran 

Build Orders: Cyclone Opening 

Get SALT Encoding   

  12  0:00  SCV  
  13  0:12  SCV  
  14  0:17  Supply Depot  
  14  0:25  SCV  
  14  0:28  Refinery  
  15  0:39  SCV  
  16  0:45  Barracks  
  16  0:51  SCV  
  16  0:54  Refinery  
  17  1:03  SCV  
  18  1:15  SCV  
  19  1:27  SCV  
  19  1:32  Reaper  
  21  1:35  Factory  
  21  1:39  Orbital Command  
  21  1:48  Supply Depot  
  21  2:04  Reaper  
  21  2:05  SCV  
  23  2:17  SCV  
  23  2:19  Cyclone  
  27  2:29  SCV  
  28  2:36  Command Center  
  28  2:41  SCV  
  29  2:50  Barracks Reactor  
  28  2:53  SCV  
  28  2:54  Starport  
  28  2:56  Factory Tech Lab  
  29  3:01  Supply Depot  
  29  3:05  SCV  
  30  3:17  SCV  
  30  3:27  Marine x2  
  30  3:30  SCV  
  30  3:31  Viking  
  33  3:42  SCV  
  33  3:43  Engineering Bay  
  33  3:44  Marine x2  
  35  3:54  SCV  
  36  4:06  SCV  
  36  4:13  Factory Tech Lab  
  36  4:16  Raven  
  36  4:17  Marine x2  
  36  4:18  Orbital Command, SCV  
  39  4:30  SCV  
  40  4:34  Siege Tank  
  40  4:37  Marine x2  
  45  4:42  SCV  
  45  4:43  Missile Turret  
  45  4:44  SCV  
  47  4:54  SCV  
  47  4:56  SCV  
  48  5:06  SCV  
  47  5:08  SCV  
  48  5:17  Supply Depot  
  48  5:18  Supply Depot  
  48  5:19  SCV  
  49  5:22  Siege Tank  
  49  5:23  Viking  
  54  5:38  SCV x2, Viking, Marine  
  52  5:50  SCV x2  
  52  5:56  Viking  
  53  6:02  SCV x2  
  53  6:04  Siege Tank  
  58  6:08  Viking  
  60  6:15  Supply Depot, SCV x2  
  61  6:19  Marine  
  62  6:27  SCV x2  
  62  6:28  Viking  
  66  6:38  Viking  
  66  6:48  Siege Tank, Marine  
  66  6:49  SCV x2  
  72  6:56  Supply Depot  
  73  7:01  SCV x2  
  71  7:13  SCV x2  
  63  7:17  Marine  
  63  7:20  Viking x2  
  68  7:25  SCV x2  
  68  7:27  Command Center  
  61  7:37  SCV x2  
  59  7:48  Barracks  
  59  7:49  Barracks  
Tags
 
Add a new tag
Caveats
  • Supply blocks, unpowered buildings, or Contaminate may cause inaccurate times.
  • Supply counts are checked every 10 seconds.